 Dungeon Crawl Stone Soup version 0.21-a0-404-g291f19a (webtiles) character file.

59 Hasart the Skirmisher (level 4, -3/37 HPs)
             Began as a Formicid Fighter on Oct 30, 2017.
             Was a Believer of Zin.
             Slain by Sigmund
             ... wielding a +2 scythe of slicing
              (6 damage)
             ... on level 2 of the Dungeon.
             The game lasted 00:02:54 (1569 turns).

Hasart the Skirmisher (Formicid Fighter)            Turns: 1569, Time: 00:02:55

Health: -3/37      AC:  9    Str: 27    XL:     4   Next: 22%
Magic:  3/4        EV:  6    Int:  9    God:    Zin [**....]
Gold:   108        SH: 10    Dex: 11    Spells: 3/3 levels left

rFire    . . .     SeeInvis +   a - +0 war axe
rCold    + . .     Gourm    .   c - +0 shield
rNeg     . . .     Faith    .   p - +0 chain mail (curse)
rPois    ∞         Spirit   .   (helmet unavailable)
rElec    .         Reflect  .   (no cloak)
rCorr    .         Harm     .   (no gloves)
MR       .....                  (no boots)
Stlth    ..........             (no amulet)
HPRegen  0.12/turn              h - ring of protection from cold
MPRegen  0.09/turn              (no ring)

@: mighty, vitalised
A: permanent stasis, dig shafts and tunnels, four strong arms, antennae 3
a: Dig, Shaft Self, Recite, Vitalisation, Donate Gold, Renounce Religion


You were on level 2 of the Dungeon.
You worshipped Zin.
Zin was pleased with you.
You were not hungry.

You visited 1 branch of the dungeon, and saw 2 of its levels.

You collected 120 gold pieces.
You donated 12 gold pieces to Zin.

Inventory:

Hand Weapons
 a - a +0 war axe (weapon)
Armour
 c - a +0 shield (worn)
 p - a cursed +0 chain mail (worn)
Jewellery
 h - a ring of protection from cold (left hand)
Scrolls
 g - 2 scrolls of magic mapping {unknown}
 m - a scroll of teleportation {unknown}
Potions
 b - a potion of ambrosia {unknown}
 e - a potion of mutation {unknown}
 k - 3 potions of heal wounds {unknown}
 l - a potion of lignification {unknown}
 n - 2 potions of degeneration {unknown}
 q - a potion of resistance {unknown}
Comestibles
 f - 3 bread rations
 i - 2 meat rations
 j - a fruit
 o - 2 chunks of flesh


   Skills:
 + Level 4.0 Fighting
 * Level 3.5 Axes
 - Level 3.2 Armour
 - Level 3.6 Shields
 + Level 0.5 Invocations


You had 3 spell levels left.
You didn't know any spells.

Dungeon Overview and Level Annotations

Branches:
Dungeon (2/15)

Altars:
Nemelex Xobeh
Zin

Annotations:
D:2 Sigmund


Innate Abilities, Weirdness & Mutations

You cannot be hasted, slowed, berserked, paralysed or teleported.
You can dig through walls and to a lower floor.
Your four strong arms can wield two-handed weapons with a shield.
You have a pair of large antennae on your head. (SInv)


Message History

You block Sigmund's attack. The bat hits you but does no damage.
You hit Sigmund but do no damage.
Sigmund is moderately wounded.
The bat hits you but does no damage. x2; You block Sigmund's attack.
You closely miss Sigmund.
Sigmund is moderately wounded.
You miss the bat. You block the bat's attack.
Sigmund hits you with a scythe of slicing.
* * * LOW HITPOINT WARNING * * *
x2 Unknown command.
You feel very mighty all of a sudden.
Sigmund casts a spell.
Sigmund flickers and vanishes for a moment.
The bat closely misses you.
Unknown command.
You hit Sigmund.
Sigmund is heavily wounded.
You miss the bat. The bat barely misses you.
Sigmund hits you with a scythe of slicing.
You die...

#...... ......#.##
#...... ..........
#...... .....$.# #......
.......#.##...... #....
#....#.... #
#..#######(#.###
.####.###..........#÷###
>.....@@b...............
##....###.#...#...##.###
#... #.#....<#....##.
.... ###.#.###########.
### #...............#.
#...#.#########.#.
#...#.#<......#.#.
#...#.#######.#.#.
#####....#....#.#.


You could see Sigmund (invisible) and a bat.

Vanquished Creatures
  2 adders (D:2)
  A worm (D:2)
  2 dart slugs (D:1)
  A ball python (D:1)
  7 bats
  2 giant cockroaches (D:2)
  4 hobgoblins (D:2)
  2 jackals (D:2)
  A kobold (D:2)
  2 quokkas (D:2)
  3 frilled lizards
  A goblin (D:1)
  7 rats
35 creatures vanquished.

Notes
Turn   | Place    | Note
-------+----------+-------------------------------------------
     0 | D:1      | Hasart the Formicid Fighter began the quest for the Orb.
     0 | D:1      | Reached XP level 1. HP: 18/18 MP: 1/1
   170 | D:1      | Reached XP level 2. HP: 21/24 MP: 2/2
   371 | D:1      | Found a sparkling altar of Nemelex Xobeh.
   815 | D:2      | Reached XP level 3. HP: 24/30 MP: 3/3
  1175 | D:2      | Found a faded altar of an unknown god.
  1177 | D:2      | Became a worshipper of Zin the Law-Giver
  1177 | D:2      | Reached * piety under Zin
  1271 | D:2      | Reached XP level 4. HP: 37/37 MP: 4/4
  1293 | D:2      | Reached ** piety under Zin
  1390 | D:2      | Reached skill level 4 in Fighting
  1554 | D:2      | Noticed Sigmund
  1569 | D:2      | Slain by Sigmund

Vault maps used:
D:1:      giann_wishing_wells, nemelex_altar_shiori
D:2:      first_bread, chequers_ecumenical_altar_twisty, uniq_sigmund

Skill      XL: |  1  2  3  4 |
---------------+-------------+-----
Axes           | 3 |  3.5
Fighting       | 4 |  4.0
Armour         | |  3.2
Shields        | |  3.6
Invocations    | |  0.5

Action                   |  1- 3 |  4- 6 || total
-------------------------+-------+-------++-------
Melee: War axe           |    87 |    42 ||   129
Invok: Vitalisation      |       |     1 ||     1
  Use: Potion            |       |     1 ||     1
  Eat: Chunk             |     1 |     1 ||     2
Armor: Scale mail        |    61 |    10 ||    71
       Chain mail        |       |    11 ||    11
Dodge: Dodged            |    28 |    10 ||    38
Block: Shield            |    58 |    29 ||    87

Table legend:
 A = Spawn XP
 B = Non-spawn XP
 C = Spawn XP percentage of total XP
 D = Spawn monster count
 E = Non-spawn monster count
 F = Spawn count percentage of total count
 G = Total turns spent on level
                    A         B        C        D         E        F      G
               +---------+---------+-------+---------+---------+-------+---------
         Total |       0 |      85 |   0.0 |       0 |      35 |   0.0 |  1569
               +---------+---------+-------+---------+---------+-------+---------
           D:1 |       0 |      24 |   0.0 |       0 |      14 |   0.0 |   798
           D:2 |       0 |      61 |   0.0 |       0 |      21 |   0.0 |   771
               +---------+---------+-------+---------+---------+-------+---------
